 Dungeon Crawl Stone Soup version 0.23-a0-449-g8e4cbf7 (webtiles) character file.

4 Lavandula the Sneak (level 1, 2/15 HPs)
             Began as a Naga Air Elementalist on Nov 22, 2018.
             Quit the game on level 2 of the Dungeon.
             The game lasted 00:00:59 (227 turns).

Lavandula the Sneak (Naga Air Elementalist)          Turns: 227, Time: 00:01:00

Health: 2/15       AC:  1    Str: 10    XL:     1   Next: 60%
Magic:  1/3        EV: 10    Int: 15    God:
Gold:   36         SH:  0    Dex: 11    Spells: 3/4 levels left

rFire    + . .     SeeInvis +   (no weapon)
rCold    + . .     Gourm    .   (no shield)
rNeg     . . .     Faith    .   a - +0 robe
rPois    +         Spirit   .   (no helmet)
rElec    +         Reflect  .   (no cloak)
rCorr    +         Harm     .   (no gloves)
MR       .....                  (no barding)
Stlth    ++........             (no amulet)
HPRegen  0.05/turn              (no ring)
MPRegen  0.08/turn              (no ring)

@: lethally poisoned (2 -> -6), short of breath, resistant, very slightly
contaminated, very slow
A: large, see invisible, deformed body, poison resistance, slowness 2, slow
metabolism 1, spit poison 1, AC +0
a: Spit Poison


You were on level 2 of the Dungeon.
You were not hungry.

You visited 1 branch of the dungeon, and saw 2 of its levels.

You collected 36 gold pieces.

Inventory:

Armour
 a - a +0 robe (worn)
Jewellery
 b - an uncursed amulet of the gourmand {unknown}
Scrolls
 d - a scroll of enchant weapon {unknown}
 e - a scroll of magic mapping {unknown}
 f - a scroll of teleportation {unknown}
 h - a scroll of identify {unknown}
Comestibles
 c - a ration


   Skills:
 - Level 1.5 Dodging
 - Level 3.0 Stealth
 + Level 2.3 Spellcasting
 - Level 1.0 Conjurations
 - Level 3.0 Air Magic


You had 3 spell levels left.
You knew the following spells:

 Your Spells              Type           Power        Failure   Level  Hunger
a - Shock                 Conj/Air       #...         10%         1    #......

Your spell library contained the following spells:

 Spells                   Type           Power        Failure   Level  Hunger
 Swiftness                Chrm/Air       #.......     17%         2    ###....
 Static Discharge         Conj/Air       #.......     28%         3    ###....
 Airstrike                Air            ##........   52%         4    #####..
 Lightning Bolt           Conj/Air       #.........   95%         5    ######.


Dungeon Overview and Level Annotations

Branches:
Dungeon (2/15)

Altars:


Innate Abilities, Weirdness & Mutations

You cannot wear boots.
Your serpentine skin is tough. (AC +0)
You have supernaturally acute eyesight. (SInv)
Armour fits poorly on your strangely shaped body.
Your system is resistant to poisons. (rPois)
You cover ground very slowly.
You have a slow metabolism.
You can spit poison.


Message History

Unknown command.
It was a potion of resistance.
You feel protected.
* * * LOW HITPOINT WARNING * * *
You feel sick. The adder bites you.
* * * LOW HITPOINT WARNING * * *
Unknown command.
It was a potion of curing.
You feel better. The adder bites you. The kobold closely misses you.
The adder closely misses you.
Okay, then.
The adder bites you.
* * * LOW HITPOINT WARNING * * *
You are lethally poisoned!
The adder poisons you!
Unknown command.
* * * LOW HITPOINT WARNING * * *
You feel sick. The kobold hits you but does no damage.
You aren't carrying any potions.
Unknown command.
Are you sure you want to abandon this character and quit the game? (Confirm

#.##...#.......
#####.##...#.######
#......'...#.......
#.######...###...##
###.#### #...<.'.....
#......###...###.....
#...####.......'.......
#..##..##.##..<######..
#..#..@...###### #.. #.
#.K##..# #.. # ##.)##.#
#.. ##.†#.# #.. ...#.#
### #..##.^ ####... ###


You could see a kobold.

Vanquished Creatures
  A kobold (D:1)
  2 bats (D:2)
  A rat (D:1)
4 creatures vanquished.

Notes
Turn   | Place    | Note
-------+----------+-------------------------------------------
     0 | D:1      | Lavandula the Naga Air Elementalist began the quest for the
                  | Orb.
     0 | D:1      | Reached XP level 1. HP: 15/15 MP: 3/3
   227 | D:2      | Quit the game

Vault maps used:
D:1:      scummos_arrival_forest
D:2:      wad_lake_hut, minmay_close_crescents

Action                   || total
-------------------------++-------
Melee: Unarmed           ||     1
 Cast: Shock             ||     6
 Abil: Spit Poison       ||     2
  Use: Potion            ||     2
Armor: Robe              ||     1
Dodge: Dodged            ||     6

Table legend:
 A = Non-vault XP
 B = Vault XP
 C = Vault XP percentage of total XP
 D = Non-vault monster count
 E = Vault monster count
 F = Vault count percentage of total count
                 A         B        C        D         E       F
            +---------+---------+-------+---------+---------+-------
      Total |       4 |       2 |  33.3 |       3 |       1 |  25.0
            +---------+---------+-------+---------+---------+-------
        D:1 |       3 |       0 |   0.0 |       2 |       0 |   0.0
        D:2 |       1 |       2 |  66.7 |       1 |       1 |  50.0
            +---------+---------+-------+---------+---------+-------
